 Dungeon Crawl Stone Soup version 0.22.1-2-g9c5b331 (webtiles) character file.

197 WarriorsX the Skirmisher (level 6, -2/48 HPs)
             Began as a Human Fighter on Dec 9, 2018.
             Was an Initiate of Elyvilon.
             Succumbed to Crazy Yiuf's poison
             ... on level 3 of the Dungeon.
             The game lasted 00:13:36 (2582 turns).

WarriorsX the Skirmisher (Human Fighter)            Turns: 2582, Time: 00:13:37

Health: -2/48      AC: 10    Str: 18    XL:     6   Next: 5%
Magic:  6/6        EV: 10    Int:  8    God:    Elyvilon [......]
Gold:   219        SH:  0    Dex: 13    Spells: 5/5 levels left

rFire    . . .     SeeInvis .   a - +0 long sword
rCold    . . .     Gourm    .   (no shield)
rNeg     . . .     Faith    .   b - +0 scale mail
rPois    .         Spirit   .   s - +1 helmet
rElec    .         Reflect  .   e - scarf {cloud immunity}
rCorr    .         Harm     .   (no gloves)
MR       +....                  r - +0 pair of boots
Stlth    ..........             (no amulet)
HPRegen  0.16/turn              i - ring of protection from magic
MPRegen  0.10/turn              q - ring of flight

@: lethally poisoned (-2 -> -27), hasted, very quick
A: no striking features
a: Renounce Religion, Evoke Flight


You were on level 3 of the Dungeon.
You worshipped Elyvilon.
Elyvilon was noncommittal.
You were hungry.

You visited 1 branch of the dungeon, and saw 3 of its levels.

You collected 219 gold pieces.

Inventory:

Hand Weapons
 a - a +0 long sword (weapon)
Armour
 b - a +0 scale mail (worn)
 e - a scarf of cloud immunity (worn)
 r - a +0 pair of boots (worn)
 s - a +1 helmet (worn)
Jewellery
 i - a ring of protection from magic (left hand)
 q - a ring of flight (right hand)
Scrolls
 g - 2 scrolls of enchant armour {unknown}
 h - a scroll of magic mapping {unknown}
 k - 5 scrolls of identify {unknown}
 l - a scroll of blinking {unknown}
 n - a scroll of teleportation {unknown}
 p - 3 scrolls of remove curse {unknown}
 t - a scroll of enchant weapon {unknown}
Potions
 c - a potion of haste
 d - a potion of might
 j - 2 potions of heal wounds {unknown}
 m - a potion of agility {unknown}
 o - a potion of curing {unknown}
 u - 2 potions of resistance {unknown}
Comestibles
 f - 5 rations


   Skills:
 - Level 4.2 Fighting
 - Level 3.1 Long Blades
 + Level 4.1 Armour
 - Level 2.0 Dodging
   Level 3.0 Shields


You had 5 spell levels left.
You didn't know any spells.
Your spell library was empty.

Dungeon Overview and Level Annotations

Branches:
Dungeon (3/15)

Altars:
Ashenzari
Dithmenos
Elyvilon
Qazlal
Trog

Annotations:
D:3 Crazy Yiuf


Message History

Crazy Yiuf hits you with a quarterstaff of chaos!
You are lethally poisoned!
You hit Crazy Yiuf.
Crazy Yiuf is severely wounded.
You feel very sick. Crazy Yiuf hits you but does no damage.
Crazy Yiuf hits you with a quarterstaff of chaos.
* * * LOW HITPOINT WARNING * * *
Crazy Yiuf freezes you.
* * * LOW HITPOINT WARNING * * *
You hit Crazy Yiuf.
Crazy Yiuf is almost dead.
* * * LOW HITPOINT WARNING * * *
You feel sick.
Crazy Yiuf hits you with a quarterstaff of chaos!
* * * LOW HITPOINT WARNING * * *
Crazy Yiuf freezes you. Elyvilon protects you from harm!
It was a potion of haste.
You feel yourself speed up.
You die...

###.###.## #.# #.#
#.# #.# #.###.###
#.# #.......# ###
####...## #.....#
#.....# ####
###### ##.>...#
#)..### ##)...##
##....†##
#..g@.####......##
###.#.#.##
#...##..#....))..#
#.......# ####
###.#....##.#
#.#.#.#.#
#######...#
#.##...## #.###
#.###.## #########
##.# #.# #.#
#...#.#.# #.## #.#
#.# #.##.##.# #.#
#.# #.# #.#####.#
#.#


You could see Crazy Yiuf.

Vanquished Creatures
  A hound (D:3)
  A worker ant (D:2)
  Robin (D:2)
  7 adders
  An ooze (D:3)
  2 leopard geckos (D:3)
  3 giant cockroaches
  10 goblins
  11 hobgoblins
  3 jackals (D:1)
  6 kobolds
  2 quokkas
  3 ball pythons
  6 bats
  A frilled lizard (D:3)
  6 rats
64 creatures vanquished.

Notes
Turn   | Place    | Note
-------+----------+-------------------------------------------
     0 | D:1      | WarriorsX the Human Fighter began the quest for the Orb.
     0 | D:1      | Reached XP level 1. HP: 18/18 MP: 1/1
   258 | D:1      | Reached XP level 2. HP: 23/24 MP: 2/2
   440 | D:1      | You fall through a shaft!
   447 | D:2      | Reached XP level 3. HP: 24/29 MP: 3/3
   839 | D:2      | Reached XP level 4. HP: 16/37 MP: 4/4
  1343 | D:2      | Noticed Robin
  1355 | D:2      | Killed Robin
  1361 | D:2      | Reached skill level 1 in Dodging
  1378 | D:2      | Reached XP level 5. HP: 38/42 MP: 5/5
  2252 | D:3      | Reached XP level 6. HP: 46/48 MP: 6/6
  2442 | D:3      | Found a white marble altar of Elyvilon.
  2442 | D:3      | Found a stormy altar of Qazlal.
  2447 | D:3      | Found a bloodstained altar of Trog.
  2449 | D:3      | Found a shadowy altar of Dithmenos.
  2450 | D:3      | Found a shattered altar of Ashenzari.
  2468 | D:3      | Became a worshipper of Elyvilon the Healer
  2569 | D:3      | Found a runed door.
  2573 | D:3      | Noticed Crazy Yiuf
  2581 | D:3      | HP: 1/48 [Crazy Yiuf/quarterstaff of chaos (7)]
  2581 | D:3      | Elyvilon protects you from harm!
  2582 | D:3      | Succumbed to Crazy Yiuf's poison

Skill      XL: |  1  2  3  4  5 |
---------------+----------------+-----
Long Blades    | 3 |  3.1
Fighting       | 4 |  4.2
Dodging        | 1 2 |  2.0
Armour         | 4 |  4.1
Shields        | |  3.0

Action                   |  1- 3 |  4- 6 || total
-------------------------+-------+-------++-------
Melee: Long sword        |    91 |   156 ||   247
  Use: Potion            |       |     1 ||     1
  Eat: Chunk             |       |     5 ||     5
Armor: Scale mail        |    53 |    90 ||   143
Dodge: Dodged            |    44 |    83 ||   127
       Rpst.: Long sword |    12 |    21 ||    33
